 Dungeon Crawl Stone Soup version 0.30-a0-918-g0ff054e9dc (webtiles) character file.

Game seed: 17411372929366142329

413 vineage the Shield-Bearer (level 6, -1/39 HPs)
             Began as a Gargoyle Fighter on Mar 20, 2023.
             Slain by an ogre
             ... wielding a +0 giant spiked club
              (19 damage)
             ... on level 5 of the Dungeon.
             The game lasted 00:04:52 (3377 turns).

vineage the Shield-Bearer (Gargoyle Fighter)        Turns: 3377, Time: 00:04:53

Health: -1/39      AC: 18    Str: 20    XL:     6   Next: 90%
Magic:  6/6        EV:  5    Int:  8    God:
Gold:   252        SH:  5    Dex: 11    Spells: 5/5 levels left

rFire   . . .      SeeInvis .    a - +1 flail
rCold   . . .      Faith    .    c - +0 buckler
rNeg    + . .      Spirit   .    s - +0 plate armour
rPois   ∞          Reflect  .    g - +0 helmet
rElec   +          Rampage  .    (no cloak)
rCorr   .                        (no gloves)
Will    .....                    h - +0 pair of boots Stlth
                                 (no amulet)
HPRegen 0.26/turn                (no ring)
MPRegen 0.10/turn                (no ring)

@: no status effects
A: sickness immunity, AC +4, negative energy resistance 1, electricity
resistance, torment resistance 1, petrification resistance
a: no special abilities


You were on level 5 of the Dungeon.
You visited 1 branch of the dungeon, and saw 5 of its levels.

You collected 252 gold pieces.

Inventory:

Hand Weapons
 a - a +1 flail (weapon)
Armour
 c - a +0 buckler (worn)
 g - a +0 helmet (worn)
 h - a +0 pair of boots (worn)
 s - a +0 plate armour (worn)
Jewellery
 r - an amulet of magic regeneration
Scrolls
 b - a scroll of immolation {unknown}
 e - 6 scrolls of blinking
 j - 2 scrolls of fear
Potions
 d - 4 potions of might
 f - a potion of resistance
 i - a potion of attraction
 m - a potion of invisibility
 o - 2 potions of mutation
 p - 2 potions of cancellation
 q - a potion of lignification
 t - a potion of berserk rage {unknown}


   Skills:
 + Level 4.6 Fighting
 * Level 4.7 Maces & Flails
 + Level 4.6 Armour
 + Level 4.7 Shields


You had 5 spell levels left.
You didn't know any spells.
Your spell library contained the following spells:

 Spells                   Type           Power      Damage    Failure   Level
 Ignite Poison            Fire/Tmut/Pois 0%         N/A       100%        3
 Kindle Blastsparks       Fire/Tloc/Air  0%         2d10      100%        3
 Freezing Cloud           Conj/Ice/Air   0%         6-21      100%        5


Dungeon Overview and Level Annotations

Branches:
Dungeon (5/15)
 Temple: D:4-7

Altars:

Shops:
D:1 =


Innate Abilities, Weirdness & Mutations

You are immune to sickness and miasma.
Your stone body is resilient. (AC +4)
You are immune to poison.
You resist negative energy. (rN+)
You are resistant to electric shocks. (rElec)
You are resistant to unholy torment.
You are immune to petrification.


Message History

The adder hisses angrily.
An adder is nearby!
An adder is nearby!
You completely miss the adder. You block the adder's attack.
The adder bites you.
You miss the adder. The adder bites you but does no damage.
You hit the adder.
The adder is severely wounded.
The adder barely misses you. The adder closely misses you.
You hit the adder.
You kill the adder!
No target in view!
No target in view!
No target in view!
No target in view!
No target in view!
Found a stone staircase leading up.
You now have 252 gold pieces (gained 13).
You see here an adder corpse.
An ogre comes into view. It is wielding a +0 giant spiked club.
The ogre shouts!
An ogre is nearby!
An ogre is nearby!
Found a red potion.
Found Maxwell's Memoranda.
The ogre hits you with a +0 giant spiked club!!
Ouch! That really hurt!
You are too injured to fight recklessly!
You are too injured to fight recklessly!
You are too injured to fight recklessly!
You are too injured to fight recklessly!
You are too injured to fight recklessly!
You are too injured to fight recklessly!
You completely miss the ogre.
The ogre hits you with a +0 giant spiked club.
You barely miss the ogre. You block the ogre's attack.
You sock the ogre!
The ogre is moderately wounded.
The ogre hits you with a +0 giant spiked club!!
You die...

...#.....##### ...
...............#### #..
....#.....###..... ##..
... #.....# ###### #....
#.# #.....#
.....##.###.#.###
......#.##....####
......O..<.#.#...#####
..?.#@..#..........# #
:...........##.......# #
.........$........######
.......#.###......#####.
.......#.......>........
..........####..........
.....!.#.## #.......####
.##...##.........#..###.
#. #######.......


You could see an ogre.

Vanquished Creatures
  A phantom (D:4)
  A scorpion (D:4)
  A hound (D:5)
  A sleepcap (D:4)
  2 orc wizards (D:5)
  7 adders
  A white imp (D:3)
  3 worms
  3 dart slugs
  8 orcs
  14 ball pythons
  5 endoplasms
  2 giant cockroaches (D:3)
  15 goblins
  6 hobgoblins
  3 jackals (D:4)
  A quokka (D:1)
  3 bats
  A frilled lizard (D:2)
  4 kobolds
  6 rats
88 creatures vanquished.

Notes
Turn   | Place    | Note
-------+----------+-------------------------------------------
     0 | D:1      | vineage the Gargoyle Fighter began the quest for the Orb.
     0 | D:1      | Reached XP level 1. HP: 14/14 MP: 1/1
   116 | D:1      | Reached XP level 2. HP: 18/19 MP: 2/2
   191 | D:1      | Found Goicre's Jewellery Shoppe.
  1044 | D:2      | Reached XP level 3. HP: 23/23 MP: 3/3
  1706 | D:3      | Reached XP level 4. HP: 29/29 MP: 4/4
  1885 | D:3      | Found a faded altar of an unknown god.
  2524 | D:4      | Noticed a phantom
  2543 | D:4      | Killed a phantom
  2544 | D:4      | Reached XP level 5. HP: 31/33 MP: 5/5
  2634 | D:4      | Reached XP level 6. HP: 34/39 MP: 6/6
  3097 | D:5      | Entered Level 5 of the Dungeon
  3377 | D:5      | Slain by an ogre

Illustrated notes

Levels and vault maps discovered:
D:1:      dpeg_arrival_windows_large_door, layout_loops_cross, serial_rivers,
          chequers_serial_rivers_marsh, chequers_serial_rivers_room_a,
          chequers_serial_rivers_large_a, chequers_serial_rivers_micro_d,
          chequers_serial_rivers_small_b, chequers_serial_rivers_large_b,
          serial_shops, shop
D:2:      layout_rooms
D:3:      layout_basic, dreamdust_ecumenical_altar_angels_and_demons
D:4:      layout_basic, grunt_decor_mini_mirrors, minmay_goblin_outpost
D:5:      layout_rooms

Skill      XL: |  1  2  3  4  5 |
---------------+----------------+-----
Maces & Flails | 3 4 |  4.7
Shields        | 4 |  4.7
Armour         | 4 |  4.6
Fighting       | 4 |  4.6

Action                     |  1- 3 |  4- 6 || total
---------------------------+-------+-------++-------
  Melee: Flail             |   121 |   171 ||   292
    Use: Scroll            |     7 |     6 ||    13
         Potion            |       |     3 ||     3
 Armour: Scale mail        |    68 |    73 ||   141
         Skin              |       |    85 ||    85
         Plate armour      |       |    37 ||    37
  Dodge: Dodged            |    50 |    72 ||   122
  Block: Buckler           |    30 |    54 ||    84

Table legend: (Time is in decaauts)
 A = Elapsed time spent in this place.
 B = Non-inter-level travel time spent in this place.
 C = Inter-level travel time spent in this place.
 D = Time resting spent in this place.
 E = Time spent auto-exploring this place.
 F = Levels seen in this place.
 G = Mean time per level.
                   A        B        C        D        E       F      G
               +--------+--------+--------+--------+--------+-----+--------+
         Total |   3515 |   3363 |    152 |      0 |   2659 |   5 |  703.0 |
       Dungeon |   3515 |   3363 |    152 |      0 |   2659 |   5 |  703.0 |
               +--------+--------+--------+--------+--------+-----+--------+

Top non-repeatable levels by time:
     D:1: 1065 daAuts
     D:3: 954 daAuts
     D:4: 675 daAuts
     D:2: 529 daAuts
     D:5: 290 daAuts
